 Dungeon Crawl Stone Soup version 0.17-a0-1651-gae1a69f (webtiles) character file.

2263 Kidiri the Covert (level 9, -1/44 HPs)
             Began as a Spriggan Enchanter on Aug 14, 2015.
             Was a Follower of Dithmenos.
             Slain by an orc warrior
             ... wielding a +0 war axe
              (31 damage)
             ... in a bailey.
             The game lasted 00:26:31 (7485 turns).

Kidiri the Covert (Spriggan Enchanter)              Turns: 7485, Time: 00:26:31

Health: -1/44      AC:  2    Str:  4    XL:     9   Next: 15%
Magic:  3/21       EV: 27    Int: 18    God:    Dithmenos [*.....]
Gold:   209        SH:  0    Dex: 21    Spells: 5 memorised, 11 levels left

rFire  . . .     SeeInvis +     p - +2 dagger (drain)
rCold  . . .     Clarity  .     v - +0 robe of Nuokush {rN+ MR+ Regen+ Dex+3}
rNeg   + . .     SustAt   .     (shield restricted)
rPois  .         Gourm    .     (helmet restricted)
rElec  .         Spirit   .     (no cloak)
rCorr  .         Warding  .     (gloves unavailable)
rMut   .         Stasis   +     (boots unavailable)
MR     ++...                    g - amulet of stasis
Stlth  +++++++...               x - ring of wizardry
                                b - ring of flight

@: wreathed by umbra, very quick, very resistant to hostile enchantments,
extremely stealthy
A: unfitting armour, see invisible, herbivore 3, speed 3, slow metabolism 2
a: Renounce Religion, Evoke Flight


You were in a bailey.
You worshipped Dithmenos.
Dithmenos was aware of your devotion.
You were not hungry.

You visited 2 branches of the dungeon, and saw 8 of its levels.
You also visited: Bailey.

You collected 248 gold pieces.
You spent 39 gold pieces at shops.

Inventory:

Hand weapons
 a - a +2 short sword of venom
 p - a +2 dagger of draining (weapon)
Armour
 v - the +0 robe of Nuokush (worn) {rN+ MR+ Regen+ Dex+3}
   (You found it on level 5 of the Dungeon)

   It affects your dexterity (+3).
   It protects you from negative energy.
   It affects your resistance to hostile enchantments.
   It increases your rate of regeneration.
Jewellery
 b - a ring of flight (left hand)
 f - an uncursed ring of teleportation
 g - an amulet of stasis (around neck)
 x - a ring of wizardry (right hand)
Magical devices
 q - a wand of polymorph (5)
 t - a wand of magic darts (22)
Scrolls
 k - a scroll of noise
 l - 3 scrolls of fog
 m - a scroll of silence {unknown}
 o - a scroll of teleportation
 u - 2 scrolls of amnesia
 y - a scroll of vulnerability {unknown}
 A - a scroll of random uselessness {unknown}
Potions
 e - a potion of haste
 h - 2 potions of flight
 i - 2 potions of heal wounds
 j - a potion of curing
 r - a potion of might
 w - 3 potions of agility {unknown}
 z - a potion of poison {unknown}
Books
 s - a book of Summonings

   Spells                             Type                      Level
   a - Recall                         Summoning/Translocation      3
   b - Aura of Abjuration             Summoning                    5
   c - Shadow Creatures               Summoning                    5
   d - Summon Demon                   Summoning                    5
   e - Summon Forest                  Summoning/Translocation      5
   f - Summon Mana Viper              Hexes/Summoning              5
Comestibles
 c - a slice of pizza
 d - 8 bread rations
 n - 4 royal jellies


   Skills:
 + Level 3.5 Fighting
 + Level 4.7 Short Blades
 * Level 9.5 Dodging
 * Level 10.7 Stealth
 * Level 7.7 Spellcasting
 + Level 1.5 Conjurations
 + Level 5.8 Hexes
 + Level 1.9 Ice Magic
 + Level 1.3 Invocations
 + Level 5.3 Evocations


You had 11 spell levels left.
You knew the following spells:

 Your Spells              Type           Power        Failure   Level  Hunger
a - Corona                Hex            ####...      1%          1    None
b - Ensorcelled Hibernat  Hex/Ice        ###...       1%          2    None
c - Confuse               Hex            ####....     1%          3    #......
d - Tukima's Dance        Hex            ####....     1%          3    #......
e - Dazzling Spray        Conj/Hex       ###.....     4%          3    #......


Dungeon Overview and Level Annotations

Branches:
Dungeon (7/15)             Temple (1/1) D:6

Altars:
Ashenzari
Cheibriados
Dithmenos
Elyvilon
Fedhas
Gozag
Kikubaaqudgha
Makhleb
Nemelex Xobeh
Okawaru
Qazlal
Ru
Sif Muna
Trog
Vehumet
Xom
Yredelemnul
Zin
The Shining One

Shops:
D:5 }   D:6 ?


Innate Abilities, Weirdness & Mutations

You are tiny and cannot use many weapons and most armour.
You have supernaturally acute eyesight.
You are a herbivore.
You cover ground extremely quickly.
You need consume almost no food.


Message History

You hit the orc knight. You drain the orc knight!
The orc knight is heavily wounded.
You hit the orc knight but do no damage.
The orc knight is heavily wounded.
The orc knight barely misses you.
You hit the orc knight.
The orc knight is heavily wounded.
The orc knight misses you. The orc warrior completely misses you.
The orc warrior hits your battleaxe with a war axe.
You hit the orc knight but do no damage.
You drain the orc knight!
The orc knight is heavily wounded.
The hobgoblin closely misses your battleaxe.
Your battleaxe barely misses the orc warrior.
Your battleaxe hits the hobgoblin. The orc knight completely misses you.
You miss the orc knight.
The orc knight is heavily wounded.
The orc warrior hits you with a war axe!!
Ouch! That really hurt!
You die...

###.....###♣♣......♣ #
##.........##.......♣ #
#...........#.......♣ #
#...).......'.......♣ +
#.....⌠).)..'..∩.∩..♣ #
#...).......'.......♣ #
#...).......#........ ##
###.........##.......♣
.###
###.###@o...###♣.♣....♣♣
...### ###.....#o#.###
♣♣♣♣.♣.♣
.....###.......g(###
♣♣♣♣♣
......#...........#
.o....#...........#
⌠.....#.o...⌠.....#
.....[÷÷..........#
.....)#...........#
.....###.........##


You could see an orc knight, an orc warrior (frenzied), a hobgoblin and a
friendly battleaxe.

Vanquished Creatures
  Sigmund (D:3)
  A hungry ghost (D:5)
  Duvessa (D:7)
  A sky beast (D:6)
  The ghost of CipHuK the Cudgeler, an average OgHu of Ashenzari (D:3)
  A black bear (D:4)
  5 orc warriors
  An ice beast (D:5)
  A centaur (D:6)
  A giant frog (D:6)
  Dowan (D:7)
  A scorpion (D:5)
  A crimson imp (D:5)
  An orc priest (D:5)
  3 hounds
  A jelly (D:5)
  Ijyb (D:3)
  3 giant frog skeletons (D:5)
  Jessica (D:2)
  Terence (D:2)
  Natasha (thrice) (D:2)
  An orc wizard (D:4)
  A hound zombie (D:5)
  3 hound skeletons (D:4)
  Robin (D:2)
  6 gnolls
  A worker ant zombie (D:5)
  7 adders
  A shadow imp (D:5)
  An ooze (D:6)
  A worm (D:3)
  2 giant geckos (D:3)
  16 orcs
  3 ball pythons
  26 goblins
  20 hobgoblins
  7 jackals (D:4)
  4 quokkas
  A ball python skeleton (D:4)
  12 bats
  4 giant cockroaches
  A giant gecko zombie (D:3)
  3 giant newts
  4 kobolds
  6 rats
163 creatures vanquished.

Notes
Turn   | Place    | Note
--------------------------------------------------------------
     0 | D:1      | Kidiri the Spriggan Enchanter began the quest for the Orb.
     0 | D:1      | Reached XP level 1. HP: 9/9 MP: 5/5
   273 | D:1      | Reached skill level 1 in Fighting
   273 | D:1      | Reached skill level 5 in Dodging
   273 | D:1      | Reached skill level 6 in Stealth
   273 | D:1      | Reached XP level 2. HP: 12/14 MP: 5/8
   274 | D:1      | Reached skill level 7 in Dodging
   274 | D:1      | Reached skill level 8 in Stealth
   274 | D:1      | Reached skill level 5 in Hexes
   274 | D:1      | Reached XP level 3. HP: 14/19 MP: 5/11
   278 | D:1      | Learned a level 2 spell: Ensorcelled Hibernation
   282 | D:1      | Learned a level 3 spell: Confuse
   286 | D:1      | Learned a level 3 spell: Tukima's Dance
   290 | D:1      | Learned a level 3 spell: Dazzling Spray
   855 | D:1      | Found a glowing golden altar of the Shining One.
  1124 | D:2      | Noticed Robin
  1138 | D:2      | Reached skill level 9 in Stealth
  1423 | D:2      | Killed Robin
  1423 | D:2      | Reached XP level 4. HP: 20/23 MP: 0/13
  1549 | D:2      | Noticed Natasha
  1554 | D:2      | Killed Natasha
  1738 | D:2      | Noticed Jessica
  1744 | D:2      | Killed Jessica
  1744 | D:2      | Reached XP level 5. HP: 27/27 MP: 13/15
  1881 | D:2      | Noticed Natasha
  1889 | D:2      | Killed Natasha
  1930 | D:2      | Noticed Terence
  1941 | D:2      | Killed Terence
  2027 | D:2      | Noticed Natasha
  2037 | D:2      | Killed Natasha
  2112 | D:3      | Lost strength.
  2892 | D:3      | Noticed Ijyb
  2899 | D:3      | Killed Ijyb
  2899 | D:3      | Reached XP level 6. HP: 32/32 MP: 16/16
  3043 | D:3      | Noticed Sigmund
  3050 | D:3      | Killed Sigmund
  3600 | D:3      | Noticed CipHuK's ghost (average OgHu)
  3626 | D:3      | Killed CipHuK's ghost
  3626 | D:3      | Reached XP level 7. HP: 35/35 MP: 16/18
  3731 | D:4      | Reached skill level 1 in Ice Magic
  3976 | D:4      | Found a glowing silver altar of Zin.
  4746 | D:5      | Entered Level 5 of the Dungeon
  4817 | D:5      | Found Xisiqere's Gadget Shoppe.
  4850 | D:5      | Got a fabulously ornate robe
  4861 | D:5      | Identified the cursed +0 robe of Nuokush {rN+ MR+ Regen+ Dex+3} (You found it on level 5 of the Dungeon)
  4931 | D:5      | Reached skill level 1 in Conjurations
  5087 | D:5      | Found a blossoming altar of Fedhas.
  5088 | D:5      | Found a burning altar of Makhleb.
  5102 | D:5      | Reached XP level 8. HP: 34/40 MP: 19/19
  5124 | D:5      | Reached skill level 10 in Stealth
  5996 | D:6      | Found a staircase to the Ecumenical Temple.
  6009 | Temple   | Entered the Ecumenical Temple
  6117 | Temple   | Became a worshipper of Dithmenos the Shadowed
  6263 | D:6      | Found Dyma Jif's Magic Scroll Shop.
  6273 | D:6      | Bought a scroll of remove curse for 39 gold pieces
  6567 | D:6      | Reached skill level 5 in Evocations
  6625 | D:7      | Noticed Duvessa
  6632 | D:7      | Noticed Dowan
  6640 | D:7      | Killed Dowan
  6653 | D:7      | Killed Duvessa
  6860 | D:7      | Found a flagged portal.
  6886 | Bailey   | Entered a bailey
  7151 | Bailey   | Reached skill level 1 in Invocations
  7271 | Bailey   | Reached XP level 9. HP: 44/44 MP: 11/21
  7410 | Bailey   | Noticed an orc knight
  7485 | Bailey   | Slain by an orc warrior

Vault maps used:
D:1:      tarquinn_simple_flora_water_d, hex_medium, minmay_misc_feat_tower,
          tso_altar
D:2:      kennysheep_jessica_study, uniq_terence, uniq_natasha, uniq_robin
D:3:      uniq_iyjb, uniq_sigmund
D:4:      black_bear_nest_1, zin_academy, first_bread
D:5:      grunt_temple_overflow_open, serial_shops, nicolae_shop_statue_plus,
          kennysheep_path_1, serial_bayou_pond_d
D:6:      minmay_temple_entry_purple_smoke, serial_shops, shop_fountains
D:7:      enter_bailey_3, uniq_duvessa
Temple:   nicolae_temple_elliptical
Bailey:   bailey_axe_minmay_hex_keep, bailey

Action                   |  1- 3 |  4- 6 |  7- 9 || total
-------------------------+-------+-------+-------++-------
Melee: Dagger            |    35 |    93 |    66 ||   194
       Unarmed           |       |     4 |       ||     4
       Short sword       |       |    14 |   328 ||   342
 Cast: Ensorcelled Hiber |    17 |    10 |    55 ||    82
       Confuse           |     2 |     1 |     6 ||     9
       Dazzling Spray    |       |     3 |    19 ||    22
       Tukima's Dance    |       |       |     3 ||     3
       Corona            |       |       |     1 ||     1
  Use: Potion            |     2 |     5 |     2 ||     9
       Scroll            |     2 |     9 |     3 ||    14
 Stab: Sleeping          |    15 |    26 |    53 ||    94
       Confused          |       |     2 |     1 ||     3
       Distracted        |       |     1 |       ||     1
       Invisible         |       |       |     2 ||     2
  Eat: Bread ration      |       |     1 |     1 ||     2
